 Dungeon Crawl Stone Soup version 0.31-a0-1068-g5939ac1fb6 (webtiles) character file.

Game seed: 1761767423225823173

139 Colgate the Shooter (level 4, -4/36 HPs)
             Began as a Demigod Hunter on Nov 23, 2023.
             Slain by an ogre
             ... wielding a +0 giant club
              (19 damage)
             ... on level 4 of the Dungeon.
             The game lasted 00:03:42 (2597 turns).

Colgate the Shooter (Demigod Hunter)                Turns: 2597, Time: 00:03:42

Health: -4/36      AC:  5    Str: 12    XL:     4   Next: 70%
Magic:  6/6        EV: 12    Int: 17    God:
Gold:   189        SH:  0    Dex: 21    Spells: 3/3 levels left

rFire   . . .        a - +0 shortbow
rCold   . . .        (shield currently unavailable)
rNeg    . . .        i - +1 animal skin
rPois   .            h - +0 helmet
rElec   .            (no cloak)
rCorr   .            f - +0 pair of gloves
SInv    .            (no boots)
Will    .....        (no amulet)
Stlth   ++           m - +6 ring of intelligence
HPRegen 0.26/turn    (no ring)
MPRegen 0.10/turn

%: no passive effects
@: no status effects
A: high MP 1, forlorn, divine attributes
a: no special abilities


You were on level 4 of the Dungeon.
You visited 1 branch of the dungeon, and saw 4 of its levels.

You collected 189 gold pieces.

Inventory:

Hand Weapons
 a - a +0 shortbow (weapon)
Armour
 f - a +0 pair of gloves (worn)
 h - a +0 helmet (worn)
 i - a +1 animal skin (worn)
Jewellery
 m - a +6 ring of intelligence (left hand)
Wands
 l - a wand of roots (5) {@v2}
 n - a wand of flame (6)
Scrolls
 b - a scroll of butterflies
 d - a scroll of revelation {unknown}
 e - a scroll of acquirement {unknown}
 g - 2 scrolls of enchant armour {unknown}
 j - a scroll of fog {unknown}
 k - a scroll of teleportation {unknown}
 q - a scroll of silence {unknown}
Potions
 c - 2 potions of attraction {unknown}
 o - a potion of berserk rage {unknown}
 p - a potion of might {unknown}
 r - a potion of haste {unknown}
 s - a potion of magic {unknown}


   Skills:
 - Level 1.7 Fighting
 + Level 5.8 Ranged Weapons
 - Level 1.7 Dodging
 - Level 0.8 Stealth


You had 3 spell levels left.
You didn't know any spells.
Your spell library contained the following spells:

 Spells                   Type           Power      Damage    Failure   Level
 Magic Dart               Conj           0%         1d3       24%         1
 Searing Ray              Conj           0%         2d4       34%         2
 Fulminant Prism          Conj/Hex       0%         3d5       93%         4


Dungeon Overview and Level Annotations

Branches:
Dungeon (4/15)
 Temple: D:4-7

Annotations:
D:1 kallion takana juttuja
D:3 1 runed translucent door, Avanven's ghost, amateur HuBe


Innate Abilities, Weirdness & Mutations

You have an increased reservoir of magic. (+10% MP)
You shall have no god before yourself.
Your divine heritage dramatically boosts your attributes as you level up.


Message History

You are too injured to fight recklessly!
An ogre is nearby!
You are too injured to fight recklessly!
An ogre is nearby!
You are too injured to fight recklessly!
An ogre is nearby!
You are too injured to fight recklessly!
An ogre is nearby!
You are too injured to fight recklessly!
An ogre is nearby!
You are too injured to fight recklessly!
An ogre is nearby!
Unknown command.
Unknown command.
Unknown command.
Unknown command.
Unknown command.
Unknown command.
Unknown command.
Unknown command.
You are too injured to fight recklessly!
An ogre is nearby!
You are too injured to fight recklessly!
An ogre is nearby!
Fire: a) +0 shortbow
Press: ? - help, Q - select action, (/) - cycle Shift-Dir - straight line, f/p - ogre
Aim: an ogre, wielding a +0 giant club (almost dead, 77% to hit)
You shoot an arrow. The arrow barely misses the ogre.
Unknown command.
Unknown command.
Press: ? - help, v - describe, . - travel
Here: an ogre, wielding a +0 giant club (almost dead)
The floor.
Fire: a) +0 shortbow
Press: ? - help, Q - select action, (/) - cycle Shift-Dir - straight line, f/p - ogre
Aim: an ogre, wielding a +0 giant club (almost dead, 77% to hit)
You shoot an arrow. The arrow barely misses the ogre.
The ogre hits you with a +0 giant club!!
Ouch! That really hurt!
You die...

##########
####......#.####
.
...............#
.. #........##..
#..
###..########
#.. ###..### #..
###..###
#..##...##
#..@.### #.O###
#... #...? #....
...... .......
.......


You could see an ogre.

Vanquished Creatures
  Robin (D:1)
  4 adders
  2 dart slugs (D:1)
  2 orcs
  2 bats
  7 endoplasms
  2 giant cockroaches
  18 goblins
  10 hobgoblins
  6 jackals
  5 kobolds
  3 quokkas
  6 ball pythons
  4 rats
72 creatures vanquished.

Notes
Turn   | Place    | Note
-------+----------+-------------------------------------------
     0 | D:1      | Colgate the Demigod Hunter began the quest for the Orb.
     0 | D:1      | Reached XP level 1. HP: 17/17 MP: 3/3
   188 | D:1      | Reached skill level 4 in Ranged Weapons
   247 | D:1      | Reached XP level 2. HP: 24/24 MP: 4/4
   797 | D:2      | Noticed Robin
   810 | D:1      | Killed Robin
   811 | D:1      | Reached XP level 3. HP: 24/29 MP: 5/5
  1050 | D:2      | Reached skill level 5 in Ranged Weapons
  1293 | D:2      | Reached XP level 4. HP: 36/36 MP: 6/6
  1796 | D:3      | Noticed Avanven's ghost (amateur HuBe)
  1837 | D:3      | Found a runed translucent door.
  2588 | D:4      | Noticed an ogre
  2597 | D:4      | Slain by an ogre

Illustrated notes

Levels and vault maps discovered:
D:1:      doesnt_arrival_eight_statues, layout_loops_cross, serial_bayou,
          serial_bayou_pond_e, serial_bayou_pond_e, serial_bayou_shore_b,
          serial_bayou_pond_e, serial_bayou_pond_d, due_unseen_surprise
D:2:      layout_basic, dilly_ecumenical_altar_fadedgnrine, minmay_cut_off,
          uniq_robin
D:3:      layout_basic, hellmonk_ghost_happy_afterlife
D:4:      layout_cave_pods

Skill      XL: |  1  2  3 |
---------------+----------+-----
Ranged Weapons | 4 5 |  5.8
Fighting       | |  1.7
Dodging        | |  1.7
Stealth        | |  0.8

Action                     |  1- 3 |  4- 6 || total
---------------------------+-------+-------++-------
   Fire: Shortbow          |   129 |    91 ||   220
 Armour: Leather armour    |    19 |       ||    19
         Animal skin       |    11 |    15 ||    26
  Dodge: Dodged            |    27 |    16 ||    43

Table legend: (Time is in decaauts)
 A = Elapsed time spent in this place.
 B = Non-inter-level travel time spent in this place.
 C = Inter-level travel time spent in this place.
 D = Time resting spent in this place.
 E = Time spent auto-exploring this place.
 F = Levels seen in this place.
 G = Mean time per level.
                   A        B        C        D        E       F      G
               +--------+--------+--------+--------+--------+-----+--------+
         Total |   2645 |   2478 |    167 |      0 |   2052 |   4 |  661.2 |
       Dungeon |   2645 |   2478 |    167 |      0 |   2052 |   4 |  661.2 |
               +--------+--------+--------+--------+--------+-----+--------+

Top non-repeatable levels by time:
     D:2: 871 daAuts
     D:1: 870 daAuts
     D:3: 679 daAuts
     D:4: 223 daAuts
